 Dungeon Crawl Stone Soup version 0.19-a0-1051-gdb7e7f8 (console) character file.

99 utis the Caller (level 4, 0/30 HPs)
             Began as a Mummy Summoner on July 26, 2016.
             Killed from afar by an orc wizard (5 damage)
             ... with a magic dart
             ... on level 3 of the Dungeon on Aug 1, 2016.
             The game lasted 00:13:49 (5239 turns).

utis the Caller (Mummy Summoner)                    Turns: 5239, Time: 00:13:51

Health: 0/30       AC:  2    Str: 11    XL:     4   Next: 45%
Magic:  6/9        EV: 12    Int: 15    God:
Gold:   136        SH:  0    Dex: 12    Spells: 3 memorised, 3 levels left

rFire  x . .     SeeInvis .     a - +1 dagger (venom)
rCold  + . .     Gourm    .     i - +0 robe
rNeg   + + +     Faith    .     (no shield)
rPois  ∞         Spirit   .     (no helmet)
rElec  .         Dismiss  .     (no cloak)
rCorr  .         Reflect  .     (no gloves)
SustAt .         Harm     .     (no boots)
MR     .....                    (no amulet)
Stlth  ++........               (no ring)
                                (no ring)

@: slowed, very slow, not resistant to hostile enchantments, unstealthy
A: no food or potions, fire vulnerability, cold resistance 1, negative energy
resistance 3, torment resistance, unbreathing
a: no special abilities


You were on level 3 of the Dungeon.
You were not hungry.

You visited 1 branch of the dungeon, and saw 3 of its levels.

You collected 136 gold pieces.

Inventory:

Hand Weapons
 a - a +1 dagger of venom (weapon)
 c - a +0 blowgun {@w1}
 d - a +0 club
 e - a +0 mace
 f - a +0 hunting sling
 y - a +0 mace of protection
Missiles
 g - 87 arrows
 h - 68 stones (quivered)
 w - 6 poisoned needles
Armour
 i - a +0 robe (worn)
 k - a +0 hat
 x - a +0 leather armour
Jewellery
 l - an uncursed ring of ice {unknown}
 p - an uncursed amulet of dismissal {unknown}
Wands
 m - a wand of paralysis (3/24)
 t - a wand of hasting (6/9) {@v3}
Scrolls
 j - a scroll of magic mapping
 n - a scroll of amnesia {unknown}
 o - a scroll of recharging {unknown}
 q - 2 scrolls of noise {unknown}
 r - a scroll of remove curse {unknown}
 s - a scroll of blinking {unknown}
 u - a scroll of immolation {unknown}
 v - a scroll of enchant armour {unknown}
 z - a scroll of identify {@r1}
Books
 b - a book of Callings

   Spells                             Type                      Level
   a - Summon Small Mammal            Summoning                    1
   b - Call Imp                       Summoning                    2
   c - Call Canine Familiar           Summoning                    3
   d - Summon Guardian Golem          Hexes/Summoning              3
   e - Summon Lightning Spire         Summoning/Air                4
   f - Summon Ice Beast               Ice/Summoning                4


   Skills:
 - Level 1.5 Dodging
 - Level 1.5 Stealth
 + Level 3.3 Spellcasting
 + Level 4.1 Summonings


You had 3 spell levels left.
You knew the following spells:

 Your Spells              Type           Power        Failure   Level  Hunger
f - Call Canine Familiar  Summ           ###.....     12%         3    N/A
p - Call Imp              Summ           ###.....     6%          2    N/A
z - Summon Small Mammal   Summ           ###.         3%          1    N/A

Dungeon Overview and Level Annotations

Branches:
Dungeon (3/15)

Altars:
The Shining One


Innate Abilities, Weirdness & Mutations

You do not eat or drink.
Your flesh is vulnerable to fire.
You are immune to poison.
Your flesh is cold resistant. (rC+)
You are immune to negative energy. (rN+++)
You are immune to unholy pain and torment.
You can survive without breathing.


Message History

You shoot a poisoned needle.
The poisoned needle hits the orc wizard.
The orc wizard is poisoned.
The orc wizard hits you with a dagger. x2
Your +1 dagger of venom begins to drip with poison!
a - a +1 dagger of venom (weapon)
The orc wizard hits you but does no damage.
You barely miss the orc wizard. The orc wizard hits you with a dagger.
The orc wizard casts a spell at you. The magic dart hits you!
* * * LOW HITPOINT WARNING * * *
The orc wizard points at you and mumbles some strange words.
The magic dart hits you!
* * * LOW HITPOINT WARNING * * *
Casting: Call Canine Familiar
Confirm with . or Enter, or press ? or * to list all spells.
The orc wizard looks more healthy.
The orc wizard hits you with a dagger.
* * * LOW HITPOINT WARNING * * *
The orc wizard points at you and mumbles some strange words.
The magic dart hits you!
You die...

....░ ░░.).!░ ....░░░░.....░░░░░
....░░...........░
....░..░░........░ *****
......░░░░░.░....░ **,,,*
.....░░░░ ░......░ ****,,*,*
......).░ ░░░...[░░ ****,,,,,,,*
.....░░.░░░░......░ *,,,,,,*****
.....░░.░░......M.░░░.░.**** **
....░░..........o.h.....* *,
.....░.░.........░░░░░..********,
!....░...░░.░....░ *,,,,,,,,,,,
.....░.░░░░.░.░.░░ ***,********,,
.......)........░***,,,* **,,
.....░.░░░░.░.....**,*** ***,,,
....░░.%.,░.░░░...,,,,**** *,,,,<
...░░░░░░.░.░ ░.....*,,,,***,**,,


You could see an orc wizard and a friendly hound.

Vanquished Creatures
  An adder (D:3)
  A worm (D:2)
  2 dart slugs
  2 giant geckos (D:2)
  2 orcs (D:3)
  11 bats
  5 giant cockroaches
  4 goblins
  10 hobgoblins
  4 jackals (D:2)
  2 quokkas
  A ball python (D:1)
  5 giant newts
  5 kobolds
  10 rats
65 creatures vanquished.

Vanquished Creatures (collateral kills)
  An ooze (D:2)
  An orc (D:2)
  A ball python (D:1)
  2 bats (D:1)
  A giant cockroach (D:1)
  2 goblins (D:1)
  A kobold (D:1)
  A quokka (D:1)
  2 giant newts (D:1)
12 creatures vanquished.

Grand Total: 77 creatures vanquished

Notes
Turn   | Place    | Note
-------+----------+-------------------------------------------
     0 | D:1      | utis the Mummy Summoner began the quest for the Orb.
     0 | D:1      | Reached XP level 1. HP: 13/13 MP: 3/3
     0 | D:1      | Upgraded the game from 0.19-a0-1019-g9c6a58d to 0.19-a0-1051-gdb7e7f8
   380 | D:1      | Reached XP level 2. HP: 19/19 MP: 5/5
   384 | D:1      | Learned a level 2 spell: Call Imp
  2115 | D:1      | Reached XP level 3. HP: 22/24 MP: 7/7
  2122 | D:1      | Learned a level 3 spell: Call Canine Familiar
  2655 | D:2      | Found a glowing golden altar of the Shining One.
  3224 | D:2      | Reached skill level 4 in Summonings
  3892 | D:2      | Reached XP level 4. HP: 25/30 MP: 8/8
  4686 | D:3      | Paralysed by an orc for 4 turns
  4695 | D:3      | Paralysed by an orc for 6 turns
  5239 | D:3      | Killed from afar by an orc wizard

Vault maps used:
D:1:      dpeg_arrival_round_b
D:2:      nicolae_tso_swordbearing_angel, glass_columns_a
D:3:      lemuel_coloured_pillars_altar

Skill      XL: |  1  2  3 |
---------------+----------+-----
Spellcasting   | 3 |  3.3
Summonings     | 4 |  4.1
Dodging        | |  1.5
Stealth        | |  1.5

Action                   |  1- 3 |  4- 6 || total
-------------------------+-------+-------++-------
Melee: Club              |    11 |       ||    11
       Mace              |    64 |       ||    64
       Unarmed           |     5 |       ||     5
       Dagger            |    98 |    51 ||   149
 Fire: Blowgun           |       |     4 ||     4
Throw: Stone             |    35 |     7 ||    42
 Cast: Summon Small Mamm |    21 |     1 ||    22
       Call Imp          |     1 |     1 ||     2
       Call Canine Famil |     4 |     5 ||     9
  Use: Scroll            |       |     3 ||     3
 Stab: Sleeping          |     3 |       ||     3
Armor: Robe              |    38 |     9 ||    47
Dodge: Dodged            |   128 |    20 ||   148
